 Dungeon Crawl Stone Soup version 0.18.1-6-gd335043 (webtiles) character file.

1054 Scarto the Covered (level 8, -5/51 HPs)
             Began as a Gargoyle Fighter on May 19, 2016.
             Was an Initiate of the Shining One.
             Slain by an ogre
             ... wielding a +0 giant club
              (18 damage)
             ... while paralysed by Grinder
             ... on level 6 of the Dungeon.
             The game lasted 00:07:57 (4235 turns).

Scarto the Covered (Gargoyle Fighter)               Turns: 4235, Time: 00:07:58

Health: -5/51      AC: 12    Str: 22    XL:     8   Next: 26%
Magic:  8/8        EV:  2    Int:  9    God:    the Shining One [......]
Gold:   425        SH:  0    Dex:  9    Spells: 0 memorised, 7 levels left

rFire  . . .     SeeInvis .     s - +2 falchion (freeze)
rCold  . . .     Gourm    .     b - +0 scale mail
rNeg   + . .     Faith    .     c - +0 shield
rPois  ∞         Spirit   .     (no helmet)
rElec  +         Dismiss  .     (no cloak)
rCorr  .         Reflect  .     (no gloves)
SustAt .         Harm     .     (no boots)
MR     +....                    (no amulet)
Stlth  ..........               (no ring)
                                t - ring of protection from magic

@: paralysed, glowing, somewhat resistant to hostile enchantments, extremely
unstealthy
A: negative energy resistance 1, electricity resistance, unbreathing,
petrification resistance, rot immunity, AC +5
a: Renounce Religion


You were on level 6 of the Dungeon.
You worshipped the Shining One.
The Shining One was noncommittal.
You were not hungry.

You visited 1 branch of the dungeon, and saw 6 of its levels.

You collected 425 gold pieces.

Inventory:

Hand Weapons
 a - a +0 war axe
 s - a +2 falchion of freezing (weapon)
Armour
 b - a +0 scale mail (worn)
 c - a +0 shield (worn)
Jewellery
 t - a ring of protection from magic (left hand)
Wands
 j - a wand of teleportation (5/9)
Scrolls
 e - 4 scrolls of remove curse
 h - 2 scrolls of immolation {unknown}
 k - a scroll of teleportation {unknown}
 p - a scroll of amnesia
 q - 6 scrolls of identify
 r - a scroll of magic mapping {unknown}
 u - a scroll of enchant armour {unknown}
Potions
 g - 2 potions of heal wounds {unknown}
 i - a potion of haste
 l - a potion of curing
 m - a potion of cure mutation
 o - a potion of brilliance {unknown}
 v - a potion of resistance {unknown}
Comestibles
 d - 3 meat rations
 f - a bread ration
 n - a royal jelly


   Skills:
 + Level 6.1 Fighting
 + Level 0.5 Long Blades
 + Level 4.4 Axes
 + Level 6.3 Armour
 + Level 5.9 Shields


You had 7 spell levels left.
You didn't know any spells.

Dungeon Overview and Level Annotations

Branches:
Dungeon (6/15)             Temple (0/1) D:4

Altars:
Cheibriados
Fedhas
Gozag
Pakellas
The Shining One

Annotations:
D:6 Grinder, Prince Ribbit, Sigmund


Innate Abilities, Weirdness & Mutations

You are resistant to torment.
Your stone body is resilient (AC +5).
You are immune to poison.
You resist negative energy.
You are resistant to electric shocks.
You can survive without breathing.
You are immune to petrification.
You are immune to rotting.


Message History

Something hits you. Grinder hits you. You block the ogre's attack.
You are too injured to fight recklessly!
You are too injured to fight recklessly!
You are too injured to fight recklessly!
You are too injured to fight recklessly!
You are too injured to fight recklessly!
You are too injured to fight recklessly!
You are too injured to fight recklessly!
Unknown command.
You hit Grinder.
Grinder is heavily wounded.
Something completely misses you. You block Grinder's attack.
You block the ogre's attack. Grinder gestures at you.
You suddenly lose the ability to move!
Something hits you.
* * * LOW HITPOINT WARNING * * *
Grinder hits you but does no damage. The ogre hits you with a giant club!!
You die...

##..### #....# ....(.#
#....# ......# #....####
### ......#
#............
......######..!...<.[..
..........##....###..###
.(...............$......
...<..###.....{.....[...
......# ###.....@5......
####.## #.....#.O......
#.# #.............. #.#
#.............. #..
#.............. ###
#...............
........#........
..#..##.#........


You could see Grinder and an ogre.

Vanquished Creatures
  The ghost of ThereIsNoGod the Slasher, an amateur DsGl (D:3)
  7 big kobolds (D:3)
  A howler monkey (D:4)
  2 crimson imps
  A hound (D:5)
  A centaur skeleton (D:4)
  An iguana (D:4)
  2 worker ants (D:4)
  A hound skeleton (D:4)
  6 gnolls
  5 adders
  3 oozes
  2 worms
  3 dart slugs
  4 giant geckos
  2 orcs
  7 bats
  3 giant cockroaches
  8 goblins
  5 hobgoblins
  8 jackals
  3 quokkas
  2 ball pythons (D:5)
  5 giant newts
  42 kobolds
  9 rats
  4 fungi (D:5)
  2 plants (D:5)
140 creatures vanquished.

Notes
Turn   | Place    | Note
--------------------------------------------------------------
     0 | D:1      | Scarto the Gargoyle Fighter began the quest for the Orb.
     0 | D:1      | Reached XP level 1. HP: 14/14 MP: 1/1
   232 | D:1      | Reached XP level 2. HP: 19/19 MP: 2/2
   465 | D:1      | Reached XP level 3. HP: 24/24 MP: 3/3
   735 | D:2      | Found a snail-covered altar of Cheibriados.
   759 | D:2      | Found an oddly glowing altar of Pakellas.
  1019 | D:3      | Reached XP level 4. HP: 23/29 MP: 4/4
  1095 | D:3      | Noticed ThereIsNoGod's ghost (amateur DsGl)
  1104 | D:3      | Killed ThereIsNoGod's ghost
  1104 | D:3      | Reached XP level 5. HP: 23/34 MP: 5/5
  1496 | D:3      | Noticed a big kobold
  1496 | D:3      | Noticed a big kobold
  1515 | D:3      | Killed a big kobold
  1515 | D:3      | Reached XP level 6. HP: 30/39 MP: 6/6
  1521 | D:3      | Reached skill level 5 in Armour
  1550 | D:3      | Reached skill level 5 in Fighting
  2023 | D:3      | Reached XP level 7. HP: 44/44 MP: 7/7
  2059 | D:3      | Reached skill level 5 in Shields
  2795 | D:4      | Reached XP level 8. HP: 45/51 MP: 8/8
  3002 | D:4      | Found a staircase to the Ecumenical Temple.
  3409 | D:5      | Entered Level 5 of the Dungeon
  3409 | D:5      | Found a blossoming altar of Fedhas.
  3927 | D:5      | Found a glowing golden altar of the Shining One.
  3940 | D:5      | Became a worshipper of the Shining One
  4050 | D:5      | Found an opulent altar of Gozag.
  4181 | D:6      | Noticed Prince Ribbit
  4216 | D:6      | Noticed Grinder
  4217 | D:6      | Noticed Sigmund
  4233 | D:6      | Paralysed by Grinder for 3 turns
  4235 | D:6      | Slain by an ogre

Skill      XL: |  1  2  3  4  5  6  7  8 |
---------------+-------------------------+-----
Axes           | 2 3 4 |  4.4
Fighting       | 4 5 6 |  6.1
Armour         | 4 5 6 |  6.3
Shields        | 4 5 |  5.9
Long Blades    | |  0.5

Action                   |  1- 3 |  4- 6 |  7- 9 || total
-------------------------+-------+-------+-------++-------
Melee: War axe           |   122 |   182 |   172 ||   476
       Falchion          |       |       |    78 ||    78
  Use: Scroll            |     1 |     1 |     7 ||     9
       Potion            |       |     1 |       ||     1
  Eat: Bread ration      |       |     1 |     1 ||     2
       Meat ration       |       |       |     1 ||     1
       Chunk             |       |       |     1 ||     1
Armor: Scale mail        |    79 |   138 |   134 ||   351
Dodge: Dodged            |    48 |    70 |    66 ||   184
Block: Shield            |    79 |   159 |   127 ||   365
